 Dungeon Crawl Stone Soup version 0.25.1-2-g60ff931df9 (webtiles) character file.

Game seed: 9725502249992736167

2328 gruber the Martial Artist (level 9, -15/59 HPs)
             Began as a Merfolk Transmuter on Aug 25, 2020.
             Was an Initiate of Sif Muna.
             Demolished by an orc warlord
             ... wielding a +0 broad axe
              (32 damage)
             ... in a bailey.
             The game lasted 00:09:09 (8380 turns).

gruber the Martial Artist (Merfolk Transmuter)      Turns: 8380, Time: 00:09:11

Health: -15/59     AC:  2    Str: 11    XL:     9   Next: 42%
Magic:  16/16      EV: 21    Int: 15    God:    Sif Muna [......]
Gold:   376        SH:  0    Dex: 19    Spells: 8/18 levels left

rFire    . . .     SeeInvis .     - Unarmed
rCold    . . .     Gourm    .   (shield currently unavailable)
rNeg     . . .     Faith    .   (armour currently unavailable)
rPois    .         Spirit   .   (helmet currently unavailable)
rElec    .         Reflect  .   (cloak currently unavailable)
rCorr    .         Harm     .   (gloves currently unavailable)
MR       .....     Rnd*Tele +   (boots currently unavailable)
Stlth    ++........             (no amulet)
HPRegen  0.19/turn              s - ring of poison resistance
MPRegen  0.15/turn              p - ring of teleportation (curse)

@: spider-form (expiring)
A: tiny, (change form in water), (swift swim), (stealthy swim)
a: End Transformation, Renounce Religion


You were in a bailey.
You worshipped Sif Muna.
Sif Muna was noncommittal.
You were not hungry.
You were a venomous arachnid creature.
You visited 2 branches of the dungeon, and saw 8 of its levels.
You also visited: Bailey.

You collected 376 gold pieces.

Inventory:

Missiles
 a - 128 arrows
Armour
 b - a +0 robe (melded)
Jewellery
 g - an uncursed ring of resist corrosion
 p - a cursed ring of teleportation (right front leg)
 s - a ring of poison resistance (left front leg)
 t - a cursed amulet of inaccuracy {unknown}
 u - a +4 ring of slaying {unknown}
Wands
 z - a wand of polymorph (5)
Scrolls
 f - 3 scrolls of random uselessness {unknown}
 j - 6 scrolls of identify {unknown}
 l - 2 scrolls of teleportation {unknown}
 o - 2 scrolls of remove curse {unknown}
 r - 3 scrolls of fog {unknown}
 w - a scroll of summoning {unknown}
 x - a scroll of fear {unknown}
 y - a scroll of enchant weapon {unknown}
Potions
 c - a potion of ambrosia {unknown}
 e - 4 potions of curing
 h - 2 potions of brilliance {unknown}
 i - a potion of lignification {unknown}
 k - 5 potions of might {unknown}
 m - a potion of cancellation {unknown}
 n - a potion of degeneration {unknown}
 q - a potion of mutation {unknown}
Comestibles
 d - 13 rations


   Skills:
 - Level 1.1 Fighting
 - Level 2.6 Dodging
 * Level 9.4 Unarmed Combat
 - Level 5.1 Spellcasting
 - Level 9.0 Transmutations
 - Level 4.1 Ice Magic


You had 8 spell levels left.
You knew the following spells:

 Your Spells              Type           Power        Failure   Level  Hunger
a - Beastly Appendage     Tmut           ####..       3%          1    None
b - Sticks to Snakes      Tmut           ####....     4%          2    ##.....
c - Spider Form           Tmut/Pois      ###.......   21%         3    ###....
d - Ice Form              Ice/Tmut       ###.....     26%         4    ####...

Your spell library contained the following spells:

 Spells                   Type           Power        Failure   Level  Hunger
 Blade Hands              Tmut           ####......   26%         5    ######.
 Animate Skeleton         Necr           N/A          34%         1    None
 Apportation              Tloc           #.....       34%         1    None
 Corona                   Hex            #......      34%         1    None
 Pain                     Necr           #...         34%         1    None
 Shock                    Conj/Air       #...         34%         1    None
 Summon Small Mammal      Summ           #...         34%         1    None
 Swiftness                Chrm/Air       #.......     45%         2    ##.....
 Recall                   Summ/Tloc      N/A          65%         3    ###....
 Static Discharge         Conj/Air       #.......     65%         3    ###....
 Vampiric Draining        Necr           #.........   65%         3    ###....
 Airstrike                Air            #.........   95%         4    ####...
 Animate Dead             Necr           N/A          95%         4    ####...
 Agony                    Necr           #.......     100%        5    ######.
 Aura of Abjuration       Summ           #.........   100%        5    ######.
 Lightning Bolt           Conj/Air       #.........   100%        5    ######.
 Summon Demon             Summ           #.........   100%        5    ######.
 Summon Forest            Summ/Tloc      #.........   100%        5    ######.
 Summon Mana Viper        Hex/Summ       #.......     100%        5    ######.
 Shadow Creatures         Summ           N/A          100%        6    #######


Dungeon Overview and Level Annotations

Branches:
Dungeon (7/15)             Temple (1/1) D:6          Bailey (1/1)

Altars:
Cheibriados
Dithmenos
Hepliaklqana
Makhleb
Okawaru
Qazlal
Sif Muna
Trog
Wu Jian
Yredelemnul
Zin

Shops:
D:5 *

Annotations:
D:6 2 transporters, Bliebski's ghost, novice OpTm Bailey 3 runed translucent doors


Message History

Unknown command.
You hit the orc warlord.
The orc warlord looks as sick as possible!
The orc warlord is lightly wounded.
The goblin completely misses your adder.
The hobgoblin misses you.
Unknown command.
Unknown command.
It was a potion of curing.
You feel better. The orc warlord completely misses you.
It was a potion of magic.
Magic courses through your body.
The orc warlord hits you with a +0 broad axe!!
* * * LOW HITPOINT WARNING * * *
You feel better.
Your transformation is almost over.
The hobgoblin hits you with a +0 war axe.
* * * LOW HITPOINT WARNING * * *
The orc warlord hits you with a +0 broad axe!!
Ouch! That really hurt!
You die...

##...8...## #.........#
. #K......... ..
..g.8..8.. 8..
#########..K.....
..Ko####≈≈≈#≈≈≈##......#
...K#≈≈#≈.....)≈#.S)..##
...K#≈.gog....!≈#....##.
..##≈8s8...8.8##.g..#..
...+≈≈.........#S....'..
...+≈≈....∩....#g....'..
...+≈≈.........#g....'..
...##≈8.8...8.8##....#..
.. .#≈........?≈#g...##.
. .#≈≈#≈.....=≈#.....##
..### ≈≈≈#≈≈≈ #..... #
#......


You could see an orc warlord (very poisoned), an orc warrior, a hobgoblin, a
goblin and 3 kobolds.

Vanquished Creatures
  Eustachio (D:5)
  Menkaure (D:7)
  A water moccasin (D:5)
  4 ogres
  3 phantoms
  2 centaurs (D:6)
  2 bullfrogs
  A scorpion (D:5)
  4 crimson imps
  3 bullfrog zombies
  A bullfrog skeleton (D:4)
  3 hounds
  A jelly (D:7)
  An orc priest (D:3)
  Jessica (D:2)
  4 orc wizards (D:5)
  2 iguanas (D:6)
  7 worker ants
  2 hound skeletons (D:4)
  9 adders
  A shadow imp (D:6)
  2 oozes
  An adder skeleton (D:6)
  4 worms
  3 dart slugs (D:2)
  3 leopard geckos
  12 orcs
  A ball python (D:2)
  5 giant cockroaches
  4 hobgoblins
  6 jackals
  5 kobolds
  2 quokkas
  2 bats
  7 frilled lizards
  8 goblins
  A leopard gecko skeleton (D:5)
  6 rats
  A spectral orc (D:7)
127 creatures vanquished.

Vanquished Creatures (collateral kills)
  An ogre (D:4)
  A dart slug (D:4)
2 creatures vanquished.

Grand Total: 129 creatures vanquished

Notes
Turn   | Place    | Note
-------+----------+-------------------------------------------
     0 | D:1      | gruber the Merfolk Transmuter began the quest for the Orb.
     0 | D:1      | Reached XP level 1. HP: 15/15 MP: 3/3
   385 | D:1      | Reached XP level 2. HP: 12/21 MP: 5/5
   511 | D:1      | Learned a level 2 spell: Sticks to Snakes
  1191 | D:2      | Reached XP level 3. HP: 22/26 MP: 6/6
  1196 | D:2      | Learned a level 3 spell: Spider Form
  1499 | D:2      | Noticed Jessica
  1508 | D:2      | Killed Jessica
  1508 | D:2      | Reached skill level 5 in Unarmed Combat
  1508 | D:2      | Reached XP level 4. HP: 30/32 MP: 3/7
  2976 | D:3      | Reached XP level 5. HP: 37/37 MP: 4/8
  3088 | D:3      | Reached skill level 5 in Transmutations
  3448 | D:4      | Reached XP level 6. HP: 21/43 MP: 6/9
  3915 | D:4      | Noticed a phantom
  3965 | D:4      | Killed a phantom
  3965 | D:4      | Reached XP level 7. HP: 36/48 MP: 7/10
  4434 | D:4      | Learned a level 4 spell: Ice Form
  4619 | D:5      | Entered Level 5 of the Dungeon
  5299 | D:5      | Reached XP level 8. HP: 39/54 MP: 6/15
  5442 | D:5      | Reached skill level 5 in Spellcasting
  5470 | D:5      | Found a hazy altar of Hepliaklqana.
  5601 | D:5      | Found a snail-covered altar of Cheibriados.
  5619 | D:5      | Noticed Eustachio
  5641 | D:5      | Killed Eustachio
  5819 | D:5      | Found Acouw's Alliterative Accessories.
  6243 | D:5      | Found a stormy altar of Qazlal.
  6250 | D:5      | Found a shadowy altar of Dithmenos.
  6744 | D:6      | Found an iron altar of Okawaru.
  6785 | D:6      | Noticed a hornet
  6790 | D:6      | Found a transporter.
  6804 | D:6      | Reached XP level 9. HP: 59/59 MP: 12/16
  7044 | D:6      | Found a transporter.
  7050 | D:6      | Noticed Bliebski's ghost (novice OpTm)
  7066 | D:6      | Found a staircase to the Ecumenical Temple.
  7496 | D:6      | Found a burning altar of Makhleb.
  7496 | D:6      | Noticed a green death
  7499 | D:6      | Noticed a smoke demon
  7499 | D:6      | Noticed an orange demon
  7567 | Temple   | Entered the Ecumenical Temple
  7575 | Temple   | Became a worshipper of Sif Muna the Loreminder
  7779 | D:7      | Found a basalt altar of Yredelemnul.
  7840 | D:7      | Noticed Menkaure
  7848 | D:7      | Killed Menkaure
  8341 | D:7      | Found a flagged portal.
  8352 | Bailey   | Entered a bailey
  8357 | Bailey   | Noticed an orc warlord
  8369 | Bailey   | Found a runed translucent gate.
  8369 | Bailey   | Found a runed translucent gate.
  8369 | Bailey   | Found a runed translucent gate.
  8380 | Bailey   | Demolished by an orc warlord

Illustrated notes

Levels and vault maps discovered:
D:1:      lightli_arrival_lavapool, layout_loops_cross
D:2:      layout_rooms, uniq_jessica
D:3:      layout_basic, first_ration
D:4:      minmay_clustersquares, layout_basic
D:5:      layout_loops_ring, cheibriados_altar_1, kennysheep_mini_moat,
          minitemple, kennysheep_donut, nicolae_alphabet_shops,
          minmay_misc_feat_iff, uniq_eustachio
D:6:      layout_rooms, makhleb_altar_promises_db, okawaru_ov_weapons_minmay,
          minmay_temple_entry_grid, gammafunk_ghost_hive
D:7:      layout_loops_cross, yredelemnul_forgotten_temple_becter,
          enter_bailey_2, patterned_corridor, uniq_menkaure
Temple:   compressed_dpeg_triangle_lava_temple
Bailey:   bailey_axe_bossmonster_kennysheep, bailey

Skill      XL: |  1  2  3  4  5  6  7  8  9 |
---------------+----------------------------+-----
Unarmed Combat | 4 5 7 9 |  9.4
Transmutations | 4 6 8 9 |  9.0
Spellcasting   | 4 5 |  5.1
Ice Magic      | 4 |  4.1
Fighting       | |  1.1
Dodging        | |  2.6

Action                   |  1- 3 |  4- 6 |  7- 9 || total
-------------------------+-------+-------+-------++-------
Melee: Unarmed           |    95 |   166 |   255 ||   516
       Headbutt          |     3 |     2 |       ||     5
       Punch             |     1 |     3 |     3 ||     7
 Cast: Beastly Appendage |     6 |    11 |       ||    17
       Sticks to Snakes  |     2 |     9 |     5 ||    16
       Spider Form       |       |    10 |    20 ||    30
       Ice Form          |       |       |    10 ||    10
Evoke: Wand              |       |       |     1 ||     1
  Use: Potion            |       |       |     3 ||     3
 Stab: Sleeping          |     1 |       |     3 ||     4
  Eat: Chunk             |     2 |     7 |    12 ||    21
       Ration            |       |     1 |     2 ||     3
Armor: Robe              |     5 |     6 |     4 ||    15
       Skin              |       |     4 |    13 ||    17
Dodge: Dodged            |    40 |   110 |   221 ||   371
